 Dungeon Crawl Stone Soup version 0.29.0-11-gd7f09526c8 (webtiles) character file.

Game seed: 10482513274136712690

67 RePankoism the Digger (level 4, -2/25 HPs)
             Began as a Gargoyle Earth Elementalist on Sept 6, 2022.
             Slain by an orc priest
             ... wielding a +2 flail of holy wrath
              (18 damage)
             ... on level 3 of the Dungeon.
             The game lasted 00:09:44 (2372 turns).

RePankoism the Digger (Gargoyle Earth Elementalist) Turns: 2372, Time: 00:09:44

Health: -2/25      AC: 11    Str: 12    XL:     4   Next: 16%
Magic:  6/8        EV: 11    Int: 17    God:
Gold:   148        SH:  0    Dex: 10    Spells: 2/8 levels left

rFire   + . .      SeeInvis .   j - +3 whip
rCold   . . .      Faith    .   (no shield)
rNeg    + . .      Spirit   .   p - +3 leather armour
rPois   ∞          Reflect  .   r - +1 helmet
rElec   +          Harm     .   (no cloak)
rCorr   .          Rampage  .   (no gloves)
Will    .....                   (no boots)
Stlth   ++........              (no amulet)
HPRegen 0.08/turn               i - ring of protection from fire
MPRegen 0.11/turn               (no ring)

@: no status effects
A: sickness immunity, AC +3, negative energy resistance 1, electricity
resistance, torment resistance 1, petrification resistance
a: no special abilities


You were on level 3 of the Dungeon.
You visited 1 branch of the dungeon, and saw 3 of its levels.

You collected 148 gold pieces.

Inventory:

Hand Weapons
 j - a +3 whip (weapon)
Armour
 a - a +0 robe
 p - a +3 leather armour (worn)
 r - a +1 helmet (worn)
Jewellery
 i - a ring of protection from fire (left hand)
Wands
 e - a wand of iceblast (10)
 m - a wand of mindburst (18)
Scrolls
 c - a scroll of torment {unknown}
 d - 3 scrolls of identify {unknown}
 f - a scroll of butterflies {unknown}
 g - 2 scrolls of noise {unknown}
 h - a scroll of fear {unknown}
 k - a scroll of amnesia {unknown}
Potions
 b - a potion of magic
 l - a potion of heal wounds {unknown}
 n - a potion of flight {unknown}
 o - a potion of curing {unknown}
 q - a potion of attraction {unknown}
 s - a potion of brilliance {unknown}


   Skills:
 + Level 1.1 Fighting
 - Level 1.5 Dodging
 - Level 2.1 Stealth
 + Level 2.9 Spellcasting
 + Level 1.0 Conjurations
 - Level 0.7 Transmutations
 + Level 4.6 Earth Magic


You had 2 spell levels left.
You knew the following spells:

 Your Spells              Type           Power      Damage    Failure   Level
a - Sandblast             Erth           36%        2d10      3%          1
b - Passwall              Tmut/Erth      9%         N/A       12%         2
c - Stone Arrow           Conj/Erth      24%        3d8       22%         3

Your spell library contained the following spells:

 Spells                   Type           Power      Damage    Failure   Level
 Petrify                  Tmut/Erth      11%        N/A       58%         4
 Animate Dead             Necr           2%         N/A       92%         4
 Borgnjor's Vile Clutch   Necr/Erth      5%         N/A       94%         5
 Death Channel            Necr           1%         N/A       100%        6


Dungeon Overview and Level Annotations

Branches:
Dungeon (3/15)

Altars:


Innate Abilities, Weirdness & Mutations

You are immune to sickness and miasma.
Your stone body is resilient. (AC +3)
You are immune to poison.
You resist negative energy. (rN+)
You are resistant to electric shocks. (rElec)
You are resistant to unholy torment.
You are immune to petrification.


Message History

Nothing appears to happen.
You now have 7/8 mp.
Aiming: Sandblast (safe; 3% risk of failure)
Press: ? - help, Q - select action, (/) - cycle Shift-Dir - straight line, f/p - orc wizard
Aim: an orc wizard, wielding a +0 dagger and wearing a +0 robe (77% to hit)
The blast of sand hits the orc wizard.
The orc wizard is moderately wounded.
The orc wizard completely misses you.
The orc priest drinks a potion.
The orc priest seems to grow stronger.
You now have 6/8 mp.
Aiming: Sandblast (safe; 3% risk of failure)
Press: ? - help, Q - select action, (/) - cycle Shift-Dir - straight line, f/p - orc wizard
Aim: an orc wizard, wielding a +0 dagger and wearing a +0 robe (moderately wounded, 77% to hit)
The blast of sand misses the orc wizard.
You now have 5/8 mp.
You barely miss the orc wizard.
The orc wizard is moderately wounded.
The orc wizard hits you but does no damage.
The orc priest hits you but does no damage.
You hit the orc wizard. You punch the orc wizard.
The orc wizard is severely wounded.
The orc wizard barely misses you.
The orc priest hits you with a +2 flail of holy wrath!
Your magical contamination has completely faded away.
You take 7 damage, and have 18/25 hp.
MASSIVE DAMAGE!!
You barely miss the orc wizard.
The orc wizard is severely wounded.
The orc wizard hits you but does no damage.
The orc priest calls upon Beogh to heal the orc wizard.
The orc wizard is healed somewhat.
You closely miss the orc wizard.
The orc wizard is moderately wounded.
The orc wizard hits you but does no damage.
The orc priest hits you but does no damage.
You closely miss the orc wizard.
The orc wizard is moderately wounded.
The orc wizard hits you with a +0 dagger.
The orc priest hits you with a +2 flail of holy wrath!!
Ouch! That really hurt!
You die...

...######
#.......#
......#o## ..o..
#@o# ##########
.... ##.####
#......... ...
#....# #...8.....
.o
####.###..8.8....
. #.##..8._.8...
#......8.8....
####....8....†
#.........†
##.#####...


You could see an orc priest (strong) and an orc wizard.

Vanquished Creatures
  A worm (D:2)
  A dart slug (D:2)
  2 ball pythons
  5 endoplasms
  4 giant cockroaches
  4 goblins
  8 hobgoblins
  7 jackals (D:2)
  2 quokkas
  7 bats
  7 frilled lizards
  3 kobolds
  3 rats
54 creatures vanquished.

Notes
Turn   | Place    | Note
-------+----------+-------------------------------------------
     0 | D:1      | RePankoism the Gargoyle Earth Elementalist began the quest
                  | for the Orb.
     0 | D:1      | Reached XP level 1. HP: 10/10 MP: 3/3
   329 | D:1      | Reached XP level 2. HP: 15/15 MP: 3/5
   337 | D:1      | Reached skill level 4 in Earth Magic
   903 | D:1      | Reached XP level 3. HP: 19/19 MP: 4/6
   973 | D:1      | Learned a level 2 spell: Passwall
   977 | D:1      | Learned a level 3 spell: Stone Arrow
  1849 | D:2      | Reached skill level 1 in Fighting
  1920 | D:2      | Reached XP level 4. HP: 18/25 MP: 5/8
  2187 | D:3      | Reached skill level 1 in Conjurations
  2280 | D:3      | Found a faded altar of an unknown god.
  2372 | D:3      | Slain by an orc priest

Illustrated notes

Levels and vault maps discovered:
D:1:      erik_arrival_orb_chamber, layout_basic
D:2:      minmay_wonky_spiral, layout_loops_cross, grunt_ministairs_6,
          nicolae_elevator_lobby_plus
D:3:      layout_basic, chequers_ecumenical_altar_simple_redux

Skill      XL: |  1  2  3  4 |
---------------+-------------+-----
Earth Magic    | 4 |  4.6
Fighting       | 1 |  1.1
Conjurations   | 1 |  1.0
Dodging        | |  1.5
Stealth        | |  2.1
Spellcasting   | |  2.9
Transmutations | |  0.7

Action                   |  1- 3 |  4- 6 || total
-------------------------+-------+-------++-------
Melee: Unarmed           |     9 |       ||     9
       Dagger            |    13 |       ||    13
       Punch             |     1 |     1 ||     2
       Whip              |    24 |     5 ||    29
 Cast: Sandblast         |    56 |    13 ||    69
Armor: Robe              |    25 |       ||    25
       Leather armour    |       |     6 ||     6
Dodge: Dodged            |    37 |     7 ||    44
